details: 'Replay_2009_08_16_1439'

« prev index next »

General information

Mini Map

Players

team 1
Random» UndeadLupiN_H.I.M (purple | 74 APM | 1723 actions | 23:19)
Hero icon 5 Lich
Ability icon 3 Frost Nova
Ability icon 2 Frost Armor
Hero icon 3 Dark Ranger
Ability icon 2 Black Arrow
Ability icon 1 Silence
Hero icon 3 Death Knight
Ability icon 2 Death Coil
Ability icon 1 Unholy Aura

» actions
Assign group hotkey33
Basic commands13
Build / train81
ESC pressed1
Enter build submenu28
Enter hero's abilities submenu11
Give item / drop item3
Right click776
Select / deselect460
Select group hotkey239
Use ability77
1723 total
» units
Acolyte14
Ghoul9
Obsidian Statue4
Crypt Fiend9
36 total
» upgrades
Creature Attack3
Web1
Creature Carapace2
6 total
» buildings
Altar of Darkness1
Ziggurat14
Crypt2
Tomb of Relics2
Halls of the Dead1
Graveyard1
Slaughterhouse1
Nerubian Tower3
Necropolis2
Black Citadel1
Spirit Tower7
Sacrificial Pit1
Boneyard1
37 total
» build order
00:05 Altar of Darkness
00:08 Ziggurat
00:32 Crypt
00:49 Tomb of Relics
01:29 Ziggurat
02:54 Halls of the Dead
03:50 Graveyard
04:31 Ziggurat
05:18 Slaughterhouse
05:50 Nerubian Tower
05:53 Ziggurat
08:32 Necropolis
11:49 Ziggurat
11:51 Ziggurat
12:01 Black Citadel
12:49 Spirit Tower
12:49 Spirit Tower
13:47 Crypt
13:54 Ziggurat
13:57 Ziggurat
16:25 Spirit Tower
16:27 Nerubian Tower
17:36 Spirit Tower
17:43 Spirit Tower
20:28 Sacrificial Pit
21:07 Necropolis
21:14 Ziggurat
21:16 Ziggurat
21:18 Ziggurat
21:20 Ziggurat
21:43 Ziggurat
21:46 Ziggurat
22:28 Spirit Tower
22:32 Tomb of Relics
22:38 Nerubian Tower
22:40 Spirit Tower
23:11 Boneyard
» items
Rod of Necromancy3
Scroll of Town Portal3
Potion of Healing4
Potion of Lesser Invulnerability1
Potion of Mana1
Orb of Corruption1
13 total
team 2
UndeadMoLk (pink | 101 APM | 2356 actions | 23:19)
Hero icon 4 Death Knight
Ability icon 2 Death Coil
Ability icon 2 Unholy Aura
Hero icon 2 Lich
Ability icon 1 Frost Nova
Ability icon 1 Frost Armor

» actions
Assign group hotkey52
Basic commands21
Build / train95
Enter build submenu18
Enter hero's abilities submenu6
Give item / drop item3
Right click995
Select / deselect295
Select group hotkey794
Use ability77
2356 total
» units
Acolyte18
Ghoul16
Crypt Fiend4
Gargoyle17
Abomination1
56 total
» upgrades
Web1
Creature Attack2
Ghoul Frenzy1
Unholy Armor2
Unholy Strength1
7 total
» buildings
Altar of Darkness1
Ziggurat5
Crypt2
Tomb of Relics1
Nerubian Tower2
Graveyard1
Halls of the Dead2
Spirit Tower6
Black Citadel5
Sacrificial Pit1
Necropolis2
Slaughterhouse1
29 total
» build order
00:11 Altar of Darkness
00:12 Ziggurat
00:50 Crypt
01:02 Tomb of Relics
01:15 Ziggurat
01:28 Nerubian Tower
04:19 Graveyard
05:06 Halls of the Dead
05:41 Ziggurat
06:14 Spirit Tower
07:06 Ziggurat
07:58 Spirit Tower
11:06 Black Citadel
11:07 Black Citadel
11:07 Black Citadel
12:13 Ziggurat
13:38 Crypt
13:40 Sacrificial Pit
16:14 Necropolis
20:38 Necropolis
21:06 Slaughterhouse
21:45 Spirit Tower
21:45 Spirit Tower
21:57 Spirit Tower
» items
Rod of Necromancy3
Dust of Appearance1
Orb of Corruption2
Scroll of Town Portal2
8 total